 Dungeon Crawl Stone Soup version 0.22-a0-322-g60b3cfd (webtiles) character file.

10143 tilp the Impaler (level 11, 0/75 HPs)
             Began as a Merfolk Ice Elementalist on Apr 5, 2018.
             Was a Priest of Makhleb.
             Killed from afar by an electric eel (8 damage)
             ... with a bolt of electricity
             ... on level 10 of the Dungeon.
             The game lasted 00:55:11 (15728 turns).

tilp the Impaler (Merfolk Ice Elementalist)        Turns: 15728, Time: 00:55:12

Health: 0/75       AC: 16    Str: 10    XL:     11   Next: 57%
Magic:  0/17       EV: 18    Int: 22    God:    Makhleb [***...]
Gold:   472        SH:  0    Dex: 14    Spells: 12/18 levels left

rFire    . . .     SeeInvis .   g - +4 halberd (freeze)
rCold    . . .     Gourm    .   (shield currently unavailable)
rNeg     . . .     Faith    .   M - +3 leather armour
rPois    .         Spirit   +   u - +2 helmet
rElec    .         Reflect  .   L - +0 cloak
rCorr    .         Harm     .   i - +1 pair of gloves
MR       .....                  (boots currently unavailable)
Stlth    +++.......             b - amulet of guardian spirit
HPRegen  0.22/turn              n - +4 ring of protection
MPRegen  0.15/turn              H - +5 ring of intelligence

@: about to teleport, very quick
A: change form in water, swift swim, stealthy swim
a: Minor Destruction, Lesser Servant of Makhleb, Renounce Religion


You were on level 10 of the Dungeon.
You worshipped Makhleb.
Makhleb was most pleased with you.
You were very hungry.

You visited 2 branches of the dungeon, and saw 11 of its levels.

You collected 486 gold pieces.
You spent 14 gold pieces at shops.

Inventory:

Hand Weapons
 a - a +0 spear of piercing
 g - a +4 halberd of freezing (weapon)
Missiles
 e - a javelin (quivered)
 k - 26 tomahawks
Armour
 i - a +1 pair of gloves (worn)
 s - a +2 pair of boots (melded)
 u - a +2 helmet (worn)
 G - a +2 leather armour of cold resistance
 L - a +0 cloak (worn)
 M - a +3 leather armour (worn)
Jewellery
 b - an amulet of guardian spirit (around neck)
 n - a +4 ring of protection (left hand)
 p - an uncursed ring of see invisible
 D - an uncursed ring of positive energy
 H - a +5 ring of intelligence (right hand)
Wands
 t - a wand of polymorph (17)
 v - a wand of flame (47)
 A - a wand of iceblast (7)
 J - a wand of digging (11)
 O - a wand of acid (7)
Scrolls
 d - a scroll of fear {unknown}
 q - 5 scrolls of teleportation
 x - 2 scrolls of amnesia
 y - 3 scrolls of remove curse
 z - a scroll of holy word {unknown}
Potions
 f - a potion of ambrosia {unknown}
 h - 2 potions of curing
 j - 4 potions of haste
 l - 2 potions of cancellation {unknown}
 r - a potion of might {unknown}
 w - 2 potions of invisibility {unknown}
 C - 2 potions of lignification {unknown}
 E - a potion of mutation {unknown}
 I - 3 potions of heal wounds {unknown}
Comestibles
 c - 8 rations


   Skills:
 - Level 3.1 Fighting
 + Level 15.5 Polearms
 - Level 5.5 Dodging
 - Level 4.2 Stealth
 - Level 4.1 Spellcasting
 - Level 0.7 Conjurations
 - Level 2.2 Charms
 - Level 10.0 Ice Magic
 - Level 6.2 Invocations
 - Level 4.5 Evocations


You had 12 spell levels left.
You knew the following spells:

 Your Spells              Type           Power        Failure   Level  Hunger
a - Freeze                Ice            ####         1%          1    None
b - Throw Frost           Conj/Ice       ####..       2%          2    #......
c - Ozocubu's Armour      Chrm/Ice       ####....     3%          3    ##.....


Dungeon Overview and Level Annotations

Branches:
Dungeon (10/15)            Temple (1/1) D:6            Lair (0/6) D:10
    Orc: D:9-12

Altars:
Ashenzari
Cheibriados
Dithmenos
Elyvilon
Fedhas
Gozag
Hepliaklqana
Kikubaaqudgha
Makhleb
Nemelex Xobeh
Okawaru
Qazlal
Ru
Sif Muna
Trog
Uskayaw
Vehumet
Wu Jian
Xom
Yredelemnul
Zin
The Shining One

Shops:
D:5 !   D:8 (

Annotations:
D:7 exclusion: door, Joseph
D:10 exclusions: door and 1 more exclusion


Message History

The electric eel shoots out a bolt of lightning at you!
The bolt of electricity misses you.
The bolt of electricity hits the electric eel.
The electric eel completely resists.
The electric eel shoots out a bolt of lightning at you!
The bolt of electricity hits you!
* * * LOW HITPOINT WARNING * * *
The electric eel shoots out a bolt of lightning at you!
The bolt of electricity hits the electric eel.
The electric eel completely resists.
The bolt of electricity misses you.
Unknown command.
You feel better.
The electric eel shoots out a bolt of lightning at you!
The bolt of electricity hits you!
* * * LOW HITPOINT WARNING * * *
The bolt of electricity hits the electric eel.
The electric eel completely resists.
The electric eel shoots out a bolt of lightning at you!
The bolt of electricity hits you!
You die...

.........................
.......≈..≈≈≈..######....
..≈≈.≈≈≈..≈....# #####
≈≈≈≈≈≈≈≈≈≈≈...[#
≈≈;≈..≈≈≈≈.....#
≈≈...≈..≈≈≈....#
≈...[..≈≈≈.≈≈..##########
.....>..≈≈≈≈......#......
≈.≈....≈@†≈.≈.....#......
≈..≈..≈.†;≈≈......#......
.≈≈≈≈≈≈≈≈≈≈.≈.....#......
≈;;≈≈≈≈≈≈≈≈≈......#......
.≈≈≈≈≈≈≈≈≈≈........#######
≈..≈≈≈≈≈≈≈..((≈...........
....≈≈≈≈≈≈≈....(..........
#.......#.................
......#.....(.(.........


You could see 4 electric eels.

Vanquished Creatures
  4 two-headed ogres
  An ugly thing (D:8)
  2 trolls
  Prince Ribbit (D:8)
  2 hippogriffs
  2 wyverns
  A hungry ghost (D:6)
  Menkaure (D:7)
  A water moccasin (D:7)
  An ice beast (D:7)
  A hornet zombie (D:10)
  3 orc warriors
  2 sky beasts
  2 black bears
  2 phantoms
  2 ogres
  A wolf (D:10)
  8 centaurs
  4 bullfrogs
  A wyvern zombie (D:8)
  2 scorpions
  A wyvern skeleton (D:10)
  9 killer bees
  7 wights
  4 howler monkeys
  2 electric eels (D:10)
  3 crimson imps
  10 hounds
  The ghost of zero the Sneak, a weakling SpEn of Vehumet (D:4)
  Crazy Yiuf (D:7)
  A bullfrog zombie (D:10)
  3 centaur skeletons
  3 orc priests
  3 jellies
  A bullfrog skeleton (D:5)
  4 iguanas
  Natasha (thrice) (D:4)
  Terence (D:3)
  6 orc wizards
  7 worker ants
  A hound zombie (D:7)
  A howler monkey zombie (D:5)
  Robin (D:2)
  4 gnolls (D:7)
  9 adders
  2 shadow imps
  An ooze (D:6)
  5 worms
  2 dart slugs (D:1)
  3 leopard geckos
  46 orcs
  A ball python (D:1)
  A giant cockroach (D:1)
  2 gnoll zombies (D:4)
  16 goblins
  4 hobgoblins
  6 jackals
  2 kobolds
  A quokka (D:6)
  4 bats
  2 frilled lizards
  A quokka skeleton (D:7)
  A quokka zombie (D:6)
  8 rats
238 creatures vanquished.

Vanquished Creatures (collateral kills)
  A two-headed ogre (D:9)
  A manticore (D:9)
  A centaur (D:9)
  A wolf (D:10)
  2 howler monkeys (D:9)
  A hound (D:10)
  An orc (D:9)
8 creatures vanquished.

Vanquished Creatures (others)
  11 plants (D:4)
11 creatures vanquished.

Grand Total: 257 creatures vanquished

Notes
Turn   | Place    | Note
-------+----------+-------------------------------------------
     0 | D:1      | tilp the Merfolk Ice Elementalist began the quest for the Orb.
     0 | D:1      | Reached XP level 1. HP: 13/13 MP: 3/3
   141 | D:1      | Reached XP level 2. HP: 12/19 MP: 5/5
   157 | D:1      | Learned a level 2 spell: Throw Frost
   935 | D:1      | Reached XP level 3. HP: 24/24 MP: 6/6
   940 | D:1      | Learned a level 3 spell: Ozocubu's Armour
  1268 | D:2      | Reached skill level 5 in Ice Magic
  2015 | D:2      | Noticed Robin
  2045 | D:2      | Reached XP level 4. HP: 30/30 MP: 3/7
  2450 | D:2      | Killed Robin
  2622 | D:2      | Found a blossoming altar of Fedhas.
  3107 | D:3      | Found an opulent altar of Gozag.
  3614 | D:3      | Noticed Terence
  3625 | D:3      | Killed Terence
  3625 | D:3      | Reached XP level 5. HP: 31/35 MP: 0/8
  4104 | D:4      | Noticed an ogre
  4128 | D:4      | Noticed zero's ghost (weakling SpEn)
  4139 | D:4      | Killed zero's ghost
  4464 | D:4      | Reached skill level 1 in Polearms
  4464 | D:4      | Reached XP level 6. HP: 29/41 MP: 3/9
  4474 | D:4      | Reached skill level 2 in Polearms
  4530 | D:4      | Reached skill level 3 in Polearms
  4813 | D:4      | Noticed Natasha
  4821 | D:4      | Killed Natasha
  4866 | D:4      | Noticed Natasha
  4870 | D:4      | Killed Natasha
  4870 | D:4      | Reached skill level 4 in Polearms
  5078 | D:4      | Reached skill level 5 in Polearms
  5350 | D:4      | Found a basalt altar of Yredelemnul.
  5391 | D:4      | Noticed Natasha
  5397 | D:4      | Killed Natasha
  5518 | D:5      | Entered Level 5 of the Dungeon
  5522 | D:5      | Reached skill level 6 in Polearms
  5522 | D:5      | Reached XP level 7. HP: 46/46 MP: 3/10
  5705 | D:5      | Found Gemolome's Distillery.
  5718 | D:5      | Reached skill level 7 in Polearms
  5924 | D:5      | Bought a potion of degeneration for 14 gold pieces
  6218 | D:5      | Reached skill level 8 in Polearms
  6480 | D:6      | Reached skill level 9 in Polearms
  6512 | D:6      | Found a staircase to the Ecumenical Temple.
  6562 | Temple   | Entered the Ecumenical Temple
  6703 | Temple   | Became a worshipper of Makhleb the Destroyer
  6760 | D:6      | Reached XP level 8. HP: 39/52 MP: 4/11
  7035 | D:6      | Reached skill level 10 in Polearms
  7368 | D:6      | Reached skill level 11 in Polearms
  7563 | D:6      | Noticed a hippogriff
  7575 | D:6      | Killed a hippogriff
  7575 | D:6      | Reached skill level 12 in Polearms
  7790 | D:6      | Reached skill level 1 in Fighting
  8365 | D:6      | Found a snail-covered altar of Cheibriados.
  8505 | D:7      | Reached XP level 9. HP: 27/63 MP: 4/12
  8617 | D:7      | Reached * piety under Makhleb
  8630 | D:7      | Noticed Joseph
  8992 | D:7      | Reached skill level 5 in Dodging
  9076 | D:7      | Reached skill level 1 in Evocations
  9124 | D:7      | Found a hazy altar of Hepliaklqana.
  9167 | D:7      | Noticed Menkaure
  9171 | D:7      | Killed Menkaure
 10141 | D:7      | Reached skill level 1 in Invocations
 10205 | D:7      | Found a runed door.
 10369 | D:7      | Noticed Crazy Yiuf
 10372 | D:7      | Killed Crazy Yiuf
 10499 | D:8      | Found Neneluto's Weapon Shop.
 10611 | D:8      | Noticed a two-headed ogre
 10936 | D:8      | Reached skill level 5 in Invocations
 10936 | D:8      | Reached XP level 10. HP: 63/70 MP: 2/13
 10951 | D:8      | Reached ** piety under Makhleb
 11238 | D:8      | Noticed a two-headed ogre
 11241 | D:8      | Noticed a purple ugly thing
 11267 | D:8      | Killed a purple ugly thing
 11270 | D:8      | Killed a two-headed ogre
 11573 | D:8      | Killed a two-headed ogre
 11821 | D:8      | Found a sparkling altar of Nemelex Xobeh.
 12454 | D:9      | Noticed Prince Ribbit
 12462 | D:9      | Reached skill level 10 in Ice Magic
 12498 | D:8      | Killed Prince Ribbit
 12901 | D:9      | Reached skill level 13 in Polearms
 12912 | D:9      | Reached *** piety under Makhleb
 13039 | D:9      | Reached XP level 11. HP: 75/75 MP: 5/15
 13153 | D:9      | Noticed a two-headed ogre
 13165 | D:9      | Killed a two-headed ogre
 13165 | D:9      | Reached skill level 14 in Polearms
 13526 | D:9      | Noticed a manticore
 13540 | D:9      | Killed a manticore
 13563 | D:9      | Noticed a two-headed ogre
 13573 | D:9      | Killed a two-headed ogre
 14050 | D:10     | Entered Level 10 of the Dungeon
 15016 | D:10     | Noticed a two-headed ogre
 15043 | D:10     | HP: 1/75 [two-headed ogre/giant club (3)]
 15044 | D:10     | Killed a two-headed ogre
 15044 | D:10     | Reached skill level 15 in Polearms
 15707 | D:10     | Found a staircase to the Lair.
 15728 | D:10     | Killed from afar by an electric eel

Vault maps used:
D:1:      elethiomel_arrival_shortcut
D:2:      lemuel_crystal_altar, first_ration, uniq_robin
D:3:      nicolae_overflow_crystal_walls, nicolae_underground_beach,
          uniq_terence
D:4:      lemuel_zombie_altar_yredelemnul, serial_bayou_lagoon_a,
          kennysheep_potato, uniq_natasha
D:5:      serial_shops, shop_statue
D:6:      marbit_many_paths, minmay_temple_entry_trees
D:7:      kennysheep_mini_moat, chequers_ossuary_entry_cave, grunt_livestock,
          hangedman_abyss_or_decor_stagger, uniq_menkaure, uniq_joseph,
          uniq_crazy_yiuf_cottage
D:8:      nicolae_overflow_hidden_temple, serial_shops, shop,
          supply_closet_lemuel
D:9:      uniq_prince_ribbit1
D:10:     erik_lair_island
Temple:   regret_index_temple_sphere_string

Skill      XL: |  1  2  3  4  5  6  7  8  9 10 11 |
---------------+----------------------------------+-----
Ice Magic      | 4 5 6 7 10 | 10.0
Polearms       | 1 6 9 12 13 15 | 15.5
Fighting       | 3 |  3.1
Dodging        | 5 |  5.5
Evocations     | 4 |  4.5
Charms         | 2 |  2.2
Invocations    | 5 6 |  6.2
Stealth        | 4 |  4.2
Spellcasting   | 4 |  4.1
Conjurations   | |  0.7

Action                   |  1- 3 |  4- 6 |  7- 9 | 10-12 || total
-------------------------+-------+-------+-------+-------++-------
Melee: Hunting sling     |       |     1 |       |       ||     1
       Spear             |       |    10 |   228 |   269 ||   507
       Halberd           |       |       |       |     1 ||     1
 Fire: Hunting sling     |   103 |   146 |    96 |       ||   345
Throw: Stone             |     1 |       |       |       ||     1
       Tomahawk          |       |       |    10 |    20 ||    30
       Javelin           |       |       |       |    20 ||    20
 Cast: Freeze            |    22 |    66 |   130 |   148 ||   366
       Ozocubu's Armour  |     6 |    16 |    31 |    40 ||    93
       Throw Frost       |       |     2 |     8 |    18 ||    28
Invok: Lesser Servant of |       |       |       |     6 ||     6
       Minor Destruction |       |       |       |     2 ||     2
Evoke: Wand              |       |       |     6 |     7 ||    13
  Use: Scroll            |       |     3 |     9 |     2 ||    14
       Potion            |       |       |     1 |     2 ||     3
 Stab: Sleeping          |       |       |     3 |       ||     3
       Distracted        |       |       |       |     2 ||     2
  Eat: Chunk             |     3 |     7 |    10 |    10 ||    30
       Ration            |     1 |     2 |     6 |     3 ||    12
Armor: Robe              |    10 |    23 |    57 |       ||    90
       Leather armour    |       |       |    45 |   144 ||   189
Dodge: Dodged            |    24 |    60 |   218 |   255 ||   557

Table legend:
 A = Spawn XP
 B = Non-spawn XP
 C = Spawn XP percentage of total XP
 D = Spawn monster count
 E = Non-spawn monster count
 F = Spawn count percentage of total count
 G = Total turns spent on level
                    A         B        C        D         E        F      G
               +---------+---------+-------+---------+---------+-------+---------
         Total |       0 |   14491 |   0.0 |       0 |     246 |   0.0 | 15728
               +---------+---------+-------+---------+---------+-------+---------
           D:1 |       0 |      42 |   0.0 |       0 |      20 |   0.0 |  1843
           D:2 |       0 |      69 |   0.0 |       0 |      19 |   0.0 |   989
           D:3 |       0 |      88 |   0.0 |       0 |      21 |   0.0 |  1264
           D:4 |       0 |     412 |   0.0 |       0 |      22 |   0.0 |  1422
           D:5 |       0 |     398 |   0.0 |       0 |      11 |   0.0 |   956
           D:6 |       0 |    1548 |   0.0 |       0 |      28 |   0.0 |  2359
           D:7 |       0 |    1440 |   0.0 |       0 |      31 |   0.0 |  1567
           D:8 |       0 |    4436 |   0.0 |       0 |      38 |   0.0 |  1941
           D:9 |       0 |    3564 |   0.0 |       0 |      31 |   0.0 |  1686
          D:10 |       0 |    2494 |   0.0 |       0 |      25 |   0.0 |  1534
               +---------+---------+-------+---------+---------+-------+---------
